 Dungeon Crawl Stone Soup version 0.25-a0-253-g6f1b5d974a (webtiles) character file.

Game seed: 14633069069485046375, levelgen mode: deterministic

39 Lanoc the Charmwright (level 3, -2/28 HPs)
             Began as a Human Skald on Dec 5, 2019.
             Slain by a goblin (3 damage)
             ... led by Robin
             ... on level 2 of the Dungeon.
             The game lasted 00:01:38 (669 turns).

Lanoc the Charmwright (Human Skald)                  Turns: 669, Time: 00:01:38

Health: -2/28      AC:  3    Str: 12    XL:     3   Next: 70%
Magic:  6/6        EV: 12    Int: 13    God:
Gold:   81         SH:  0    Dex: 12    Spells: 0/6 levels left

rFire    . . .     SeeInvis .   a - +0 falchion
rCold    . . .     Gourm    .   (no shield)
rNeg     . . .     Faith    .   b - +0 leather armour
rPois    .         Spirit   .   (no helmet)
rElec    .         Reflect  .   (no cloak)
rCorr    .         Harm     .   (no gloves)
MR       .....                  (no boots)
Stlth    +.........             f - amulet of regeneration
HPRegen  0.49/turn              (no ring)
MPRegen  0.10/turn              (no ring)

@: no status effects
A: no striking features
a: no special abilities


You were on level 2 of the Dungeon.
You were not hungry.

You visited 1 branch of the dungeon, and saw 2 of its levels.

You collected 81 gold pieces.

Inventory:

Hand Weapons
 a - a +0 falchion (weapon)
Missiles
 c - 18 arrows
Armour
 b - a +0 leather armour (worn)
Jewellery
 f - an amulet of regeneration (around neck)
 h - an uncursed amulet of rage
Scrolls
 e - 2 scrolls of remove curse {unknown}
Potions
 g - a potion of agility {unknown}
 i - a potion of heal wounds {unknown}
 j - a potion of haste {unknown}
Comestibles
 d - 2 rations
 k - 7 chunks of flesh


   Skills:
 + Level 2.4 Fighting
 * Level 2.6 Long Blades
 + Level 1.5 Armour
 + Level 2.3 Dodging
 - Level 2.0 Spellcasting
 + Level 3.1 Charms


You couldn't memorise any spells.
You knew the following spells:

 Your Spells              Type           Power        Failure   Level  Hunger
a - Infusion              Chrm           #...         9%          1    ##.....
b - Song of Slaying       Chrm           #.......     13%         2    ###....
c - Regeneration          Chrm/Necr      #.........   45%         3    ####...

Your spell library contained the following spells:

 Spells                   Type           Power        Failure   Level  Hunger
 Shroud of Golubria       Chrm/Tloc      #.....       26%         2    ###....
 Spectral Weapon          Hex/Chrm       #.......     45%         3    ####...


Dungeon Overview and Level Annotations

Branches:
Dungeon (2/15)

Altars:
Sif Muna

Annotations:
D:2 Robin


Message History

You kill the goblin!
A goblin comes into view.
The goblin hits you but does no damage. The goblin hits you with a +0 club.
Robin throws the goblin at you!
You hit the goblin but do no damage. The goblin hits you.
The goblin hits you but does no damage.
A goblin comes into view. It is wielding a +0 dagger.
The goblin closely misses you. The goblin hits you but does no damage.
The goblin shouts!
The goblin barely misses you. The goblin closely misses you.
Robin throws the goblin at you! The goblin closely misses you.
You riposte.
You hit the goblin.
You kill the goblin!
Robin's bangles clink loudly.
The goblin barely misses you. The goblin hits you with a +0 club!
* * * LOW HITPOINT WARNING * * *
Robin throws the goblin at you!
* * * LOW HITPOINT WARNING * * *
The goblin hits you.
You die...

....†....÷......#.####....
..........................
..........................
......................... ?
.........###............. ..
........## #.#..#...###. ...
#.......####....#...# ....
#...............#.g.####.....
#..............g@gg.g).......
#....#.........#..gg.........
#..............#.>.g.........
#..............##............
........#### #......g.....
........# .....##.......
........#. ......# .......
.......... .....## .......
.....###.. ...... .......


You could see Robin and 8 goblins.

Vanquished Creatures
  An adder (D:2)
  2 leopard geckos (D:2)
  A giant cockroach (D:1)
  5 goblins
  2 hobgoblins (D:1)
  2 quokkas (D:2)
  5 bats
  4 frilled lizards
  2 kobolds
  3 rats (D:1)
27 creatures vanquished.

Notes
Turn   | Place    | Note
-------+----------+-------------------------------------------
     0 | D:1      | Lanoc the Human Skald began the quest for the Orb.
     0 | D:1      | Reached XP level 1. HP: 16/16 MP: 3/3
     9 | D:1      | Noticed a bullfrog
   156 | D:1      | Reached XP level 2. HP: 19/22 MP: 5/5
   557 | D:2      | Reached XP level 3. HP: 26/27 MP: 6/6
   561 | D:2      | Learned a level 2 spell: Song of Slaying
   565 | D:2      | Learned a level 3 spell: Regeneration
   576 | D:2      | Found a shimmering blue altar of Sif Muna.
   660 | D:2      | Noticed Robin
   667 | D:2      | HP: 1/28 [goblin/+0 club[Robin] (9)]
   669 | D:2      | Slain by a goblin

Levels and vault maps discovered:
D:1:      evilmike_arrival_come_back, layout_rooms
D:2:      layout_basic, elyvilon_altar_4, lemuel_crystal_altar, tgw_xom,
          uniq_sigmund, uniq_robin

Action                   || total
-------------------------++-------
Melee: Falchion          ||    74
 Cast: Song of Slaying   ||     1
Armor: Leather armour    ||    29
Dodge: Dodged            ||    94
       Rpst.: Falchion   ||    35

Table legend:
 A = Non-vault XP
 B = Vault XP
 C = Vault XP percentage of total XP
 D = Non-vault monster count
 E = Vault monster count
 F = Vault count percentage of total count
                 A         B        C        D         E       F
            +---------+---------+-------+---------+---------+-------
      Total |      53 |       4 |   7.0 |      25 |       2 |   7.4
            +---------+---------+-------+---------+---------+-------
        D:1 |      19 |       0 |   0.0 |      13 |       0 |   0.0
        D:2 |      34 |       4 |  10.5 |      12 |       2 |  14.3
            +---------+---------+-------+---------+---------+-------
